 Dungeon Crawl Stone Soup version 0.29-a0-553-g81b289dbe5 (webtiles) character file.

Game seed: 14272753602975374571

84 KristoblXynda the Slasher (level 4, -1/38 HPs)
             Began as a Draconian Gladiator on June 6, 2022.
             Slain by an orc wizard
             ... wielding a +0 dagger
              (2 damage)
             ... on level 3 of the Dungeon.
             The game lasted 00:02:50 (3326 turns).

KristoblXynda the Slasher (Draconian Gladiator)     Turns: 3326, Time: 00:02:52

Health: -1/38      AC:  5    Str: 16    XL:     4   Next: 24%
Magic:  4/4        EV: 13    Int:  9    God:
Gold:   105        SH:  0    Dex: 14    Spells: 3/3 levels left

rFire   . . .      SeeInvis .   a - +0 long sword
rCold   . . .      Faith    .   (no shield)
rNeg    + . .      Spirit   .   (body armour unavailable)
rPois   .          Reflect  .   b - +0 hat
rElec   .          Harm     .   (no cloak)
rCorr   .          Rampage  .   (no gloves)
Will    .....                   (no boots)
Stlth   +.........              (no amulet)
HPRegen 0.12/turn               f - ring of positive energy
MPRegen 0.09/turn               (no ring)

@: attractive, flying
A: AC +5, unfitting armour, cold-blooded
a: no special abilities


You were on level 3 of the Dungeon.
You visited 1 branch of the dungeon, and saw 3 of its levels.

You collected 105 gold pieces.

Inventory:

Hand Weapons
 a - a +0 long sword (weapon)
Missiles
 c - 4 throwing nets (quivered)
 d - a javelin
Armour
 b - a +0 hat (worn)
Jewellery
 f - a ring of positive energy (left hand)
 r - a ring of magical power
Scrolls
 e - 2 scrolls of enchant armour {unknown}
 g - a scroll of identify
 h - 2 scrolls of teleportation {unknown}
 j - a scroll of fear {unknown}
 m - a scroll of blinking {unknown}
 q - a scroll of magic mapping {unknown}
Potions
 i - a potion of attraction
 k - a potion of curing
 l - 3 potions of cancellation
 n - a potion of lignification {unknown}
 o - a potion of heal wounds {unknown}


   Skills:
 + Level 3.1 Fighting
 + Level 3.5 Long Blades
 + Level 2.6 Throwing
 + Level 3.3 Dodging


You had 3 spell levels left.
You didn't know any spells.
Your spell library contained the following spells:

 Spells                   Type           Power      Damage    Failure   Level
 Apportation              Tloc           0%         N/A       38%         1
 Necrotize                Necr           0%         1d4       38%         1
 Summon Small Mammal      Summ           0%         N/A       38%         1
 Ignite Poison            Fire/Tmut/Pois 0%         N/A       77%         3
 Mephitic Cloud           Conj/Pois/Air  0%         N/A       77%         3
 Freezing Cloud           Conj/Ice/Air   0%         6-21      100%        5


Dungeon Overview and Level Annotations

Branches:
Dungeon (3/15)

Altars:


Innate Abilities, Weirdness & Mutations

Your plain brown scales are hard. (AC +5)
You cannot fit into any form of body armour.
You are cold-blooded and may be slowed by cold attacks.


Message History

Pain shoots through your body!
The orc wizard hits you but does no damage.
The orc wizard closely misses you.
You closely miss the orc wizard. Your punch misses the orc wizard.
The orc wizard hits you with a +0 dagger.
The orc priest mumbles some strange prayers to Beogh against you.
Pain shoots through your body!
The orc wizard points at you and mumbles some strange words.
You resist with some effort.
You miss the orc wizard.
The orc priest hits you with a +0 hand axe.
The orc wizard mumbles some strange words.
The orc wizard flickers and vanishes!
Deactivating autopickup; reactivate with Ctrl-A.
You closely miss something.
Your tail-slap misses something.
The orc priest closely misses you. Something hits you.
Okay, then.
As you read the scroll labelled BOREUR GO BIKY, it crumbles to dust.
It is a scroll of identify.
l - 3 potions of cancellation The orc priest calls down the wrath of Beogh upon you.
Pain shoots through your body! Something hits you.
It was a potion of attraction.
You feel attractive to monsters.
The gnoll shouts!
You hear a shout! x2
The orc priest barely misses you. Something barely misses you.
The gnoll is attracted toward you. x2
It was a potion of curing.
You feel better.
The gnoll shouts!
The orc priest calls down the wrath of Beogh upon you.
Beogh smites you! Something hits you but does no damage.
The gnoll is attracted toward you.
It was a potion of flight.
You feel very buoyant.
You fly up into the air.
The orc priest calls down the wrath of Beogh upon you.
Beogh smites you!
* * * LOW HITPOINT WARNING * * *
Something hits you.
You die...

#...#### ### # ####....) ..####
###.###..<....# .....
........####.## ####...
..#.#....###.# #### ....... .
####...#.## ...# ....)..##
....####.)<... ...# ......{.#
#............. ...#
###########@##...######.....
...###.......###.og....####......
..)..........##..#..#.......##...
.....#.....).#.†###.g............
...#.######)>....##....§.....#...
.†.#.######......)...............
.............................##..
.................................
###..........>......o..........##


You could see an orc priest and 2 gnolls.

Vanquished Creatures
  2 dart slugs
  2 worms
  3 orcs
  8 ball pythons
  13 endoplasms
  4 giant cockroaches
  4 goblins
  5 hobgoblins
  7 kobolds
  6 quokkas
  3 bats
  4 frilled lizards
  A rat (D:1)
62 creatures vanquished.

Vanquished Creatures (others)
  A plant (D:3)
1 creature vanquished.

Grand Total: 63 creatures vanquished

Notes
Turn   | Place    | Note
-------+----------+-------------------------------------------
     0 | D:1      | KristoblXynda the Draconian Gladiator began the quest for
                  | the Orb.
     0 | D:1      | Reached XP level 1. HP: 17/17 MP: 1/1
   268 | D:1      | Reached XP level 2. HP: 4/25 MP: 2/2
  1170 | D:1      | Reached XP level 3. HP: 30/30 MP: 3/3
  2567 | D:3      | Reached XP level 4. HP: 26/38 MP: 4/4
  2681 | D:3      | Found a faded altar of an unknown god.
  3326 | D:3      | HP: 1/38 [orc priest/divine providence (11)]
  3326 | D:3      | Slain by an orc wizard

Illustrated notes

Levels and vault maps discovered:
D:1:      wander_arrival_estate, layout_loops_ring
D:2:      layout_basic
D:3:      layout_rooms, hellmonk_ecumenical_altar_leap_of_faith,
          serial_bayou_pond_c

Skill      XL: |  1  2  3 |
---------------+----------+-----
Throwing       | 2 |  2.6
Dodging        | 3 |  3.3
Fighting       | 3 |  3.1
Long Blades    | |  3.5

Action                   |  1- 3 |  4- 6 || total
-------------------------+-------+-------++-------
Melee: Long sword        |   139 |    46 ||   185
       Tailslap          |     8 |     3 ||    11
       Punch             |     1 |       ||     1
  Use: Potion            |       |     3 ||     3
       Scroll            |       |     1 ||     1
 Stab: Sleeping          |     5 |       ||     5
Armor: Skin              |    47 |    16 ||    63
Dodge: Dodged            |    88 |    37 ||   125

Table legend: (Time is in decaauts)
 A = Elapsed time spent in this place.
 B = Non-inter-level travel time spent in this place.
 C = Inter-level travel time spent in this place.
 D = Time resting spent in this place.
 E = Time spent auto-exploring this place.
 F = Levels seen in this place.
 G = Mean time per level.
                   A        B        C        D        E       F      G
               +--------+--------+--------+--------+--------+-----+--------+
         Total |   3376 |   3243 |    133 |    806 |   1941 |   3 | 1125.3 |
       Dungeon |   3376 |   3243 |    133 |    806 |   1941 |   3 | 1125.3 |
               +--------+--------+--------+--------+--------+-----+--------+

Top non-repeatable levels by time:
     D:1: 1521 daAuts
     D:2: 1408 daAuts
     D:3: 447 daAuts
